Map: Zafiro cósmico

Players

IA (Muy fácil) 2

  • Race: Protoss Protoss
  • Spawn Location: 5:00

Joyboy - Winner!

  • Race: Protoss Protoss
  • League: Master
  • Spawn Location: 11:00

VOD

Have the link to the VOD?

Description

Time

  • Played on: Nov. 6, 2022, 5:46 p.m.
  • Length: 10:48
Show
View Real Time Build Order
Export as new Build Order

IA (Muy fácil) 2 Protoss 

Build Orders: 1 Gate Expand, Nexus First 

Get SALT Encoding   

  12  0:00  Probe  
  13  0:13  Probe  
  14  0:19  Pylon  
  14  0:42  Gateway  
  14  1:02  Nexus  
  14  1:20  Pylon  
  14  1:21  Zealot  
  14  1:24  Assimilator  
  16  1:37  Cybernetics Core  
  16  1:38  Probe  
  17  1:51  Probe  
  18  2:00  Probe  
  18  2:01  Assimilator  
  19  2:09  Probe  
  19  2:14  Stalker  
  19  2:15  Probe, Warp Gate  
  23  2:24  Probe  
  23  2:28  Probe  
  25  2:39  Probe  
  26  2:46  Probe  
  26  2:47  Pylon  
  27  2:53  Probe  
  28  3:00  Probe  
  29  3:08  Probe  
  29  3:11  Probe  
  29  3:12  Robotics Facility  
  31  3:22  Probe  
  31  3:26  Zealot  
  34  3:28  Probe  
  35  3:36  Probe  
  36  3:43  Assimilator, Probe  
  37  3:51  Probe  
  38  3:56  Assimilator  
  38  3:57  Observer  
  38  3:58  Probe  
  40  4:05  Probe  
  41  4:11  Observer  
  41  4:12  Probe  
  41  4:16  Probe  
  44  4:27  Probe  
  44  4:30  Probe  
  45  4:32  Pylon  
  45  4:36  Sentry  
  48  4:41  Probe  
  49  4:48  Probe  
  50  9:47  Observer  
  50  9:56  Stalker  
  50  9:58  Pylon  
  52  10:06  Probe  
  25  10:14  Probe  
  26  10:22  Probe  
  26  10:25  Zealot  
  26  10:34  Nexus  
  27  10:38  Assimilator  
  27  10:40  Assimilator  
Show
View Real Time Build Order
Export as new Build Order

Joyboy Protoss - Winner!

Build Orders: Phoenix Opening, Blink Stalkers 

Get SALT Encoding   

  12  0:00  Probe  
  13  0:12  Probe  
  14  0:21  Pylon  
  14  0:24  Probe  
  15  0:39  Probe (Chrono Boost)  
  15  0:42  Gateway  
  16  0:48  Probe (Chrono Boost), Assimilator  
  17  0:53  Probe (Chrono Boost)  
  17  0:56  Assimilator  
  18  1:05  Probe (Chrono Boost)  
  19  1:13  Gateway  
  19  1:14  Probe (Chrono Boost)  
  20  1:19  Probe (Chrono Boost)  
  21  1:29  Cybernetics Core  
  21  1:31  Probe  
  22  1:39  Pylon  
  22  1:43  Probe  
  23  1:57  Probe  
  24  2:03  Warp Gate (Chrono Boost)  
  24  2:05  Stalker x2  
  28  2:16  Pylon  
  28  2:36  Sentry x2  
  32  2:49  Nexus  
  32  2:55  Shield Battery  
  32  3:01  Probe  
  33  3:08  Twilight Council  
  33  3:09  Phoenix  
  33  3:18  Forge  
  33  3:19  Probe (Chrono Boost)  
  34  3:29  Pylon  
  34  3:31  Probe (Chrono Boost)  
  35  3:37  Probe (Chrono Boost)  
  35  3:40  Blink (Chrono Boost)  
  36  3:46  Probe  
  37  3:53  Protoss Ground Weapons Level 1 (Chrono Boost)  
  37  3:58  Probe (Chrono Boost)  
  37  4:01  Stalker  
  42  4:10  Probe (Chrono Boost)  
  42  4:11  Probe (Chrono Boost)  
  42  4:17  Probe (Chrono Boost)  
  42  4:18  Probe (Chrono Boost)  
  44  4:26  Probe  
  44  4:30  Probe, Stalker x2  
  50  4:41  Gateway  
  50  4:42  Gateway  
  50  4:43  Probe  
  50  4:44  Probe  
  52  5:01  Nexus  
  52  5:05  Pylon  
  52  5:10  Probe  
  52  5:11  Probe  
  52  5:14  Stalker  
  56  5:19  Stalker  
  58  5:22  Probe  
  58  5:28  Probe  
  60  5:30  Charge  
  60  5:34  Shield Battery  
  60  5:36  Stalker  
  60  5:37  Stalker  
  60  5:39  Stalker  
  66  5:43  Probe  
  66  5:44  Probe  
  68  5:50  Assimilator  
  68  5:52  Pylon  
  68  5:53  Pylon  
  68  5:56  Probe, Protoss Ground Weapons Level 2 (Chrono Boost)  
  69  5:59  Probe  
  71  6:12  Probe (Chrono Boost)  
  71  6:14  Probe (Chrono Boost)  
  71  6:15  Probe (Chrono Boost)  
  73  6:25  Probe (Chrono Boost)  
  76  6:26  Probe (Chrono Boost)  
  76  6:27  Gateway  
  76  6:28  Probe (Chrono Boost)  
  76  6:29  Gateway  
  76  6:30  Gateway  
  76  6:32  Probe (Chrono Boost)  
  77  6:33  Probe (Chrono Boost)  
  77  6:35  Probe (Chrono Boost)  
  77  6:38  Probe  
  80  6:41  Stalker x2  
  80  6:42  Probe  
  80  6:44  Stalker  
  87  6:49  Stalker  
  89  6:54  Pylon  
  89  7:07  Robotics Facility  
  89  7:09  Probe x2  
  89  7:10  Probe, Nexus  
  92  7:16  Zealot x4  
  92  7:20  Pylon  
  92  7:21  Probe x2  
  102  7:27  Probe  
  103  7:33  Assimilator, Probe  
  103  7:35  Assimilator  
  104  7:37  Assimilator, Probe  
  104  7:38  Pylon  
  104  7:39  Probe  
  104  7:41  Zealot x4  
  114  7:49  Pylon  
  114  7:51  Probe  
  114  7:54  Pylon  
  114  7:55  Observer (Chrono Boost)  
  116  7:58  Probe, Robotics Bay  
  116  8:01  Pylon  
  116  8:02  Probe  
  118  8:06  Stalker x3  
  124  8:15  Probe (Chrono Boost)  
  124  8:19  Probe (Chrono Boost)  
  127  8:20  Probe (Chrono Boost), Warp Prism (Chrono Boost)  
  127  8:25  Probe x2 (Chrono Boost)  
  132  8:32  Probe (Chrono Boost)  
  132  8:33  Probe x2 (Chrono Boost)  
  135  8:35  Probe (Chrono Boost)  
  135  8:37  Photon Cannon  
  135  8:39  Probe (Chrono Boost), Photon Cannon  
  137  8:41  Photon Cannon  
  137  8:44  Photon Cannon  
  139  8:55  Stalker x5  
  146  9:08  Photon Cannon  
  146  9:11  Assimilator  
  146  9:13  Assimilator  
  146  9:15  Disruptor  
  149  9:20  Robotics Facility  
  149  9:25  Probe  
  149  9:26  Probe  
  149  9:31  Stalker x6  
  157  9:38  Pylon  
  163  9:41  Pylon  
  163  9:42  Pylon  
  163  9:56  Probe x2  
  165  10:00  Stargate, Stalker x7  
  165  10:01  Stargate  
Tags
 
Add a new tag
Caveats
  • Supply blocks, unpowered buildings, or Contaminate may cause inaccurate times.
  • Supply counts are checked every 10 seconds.